 Dungeon Crawl Stone Soup version 0.31-a0-965-g8a8ce12e04 (webtiles) character file.

Game seed: 15364313877895566387

70 Pixllover the Cudgeller (level 4, -6/29 HPs)
             Began as a Gargoyle Monk on Oct 26, 2023.
             Mangled by an ogre
             ... wielding a +0 giant club
              (35 damage)
             ... on level 3 of the Dungeon.
             The game lasted 00:02:46 (1866 turns).

Pixllover the Cudgeller (Gargoyle Monk)             Turns: 1866, Time: 00:02:47

Health: -6/29      AC:  5    Str: 17    XL:     4   Next: 22%
Magic:  4/4        EV: 12    Int: 10    God:
Gold:   145        SH:  0    Dex: 12    Spells: 3/3 levels left

rFire   . . .        a - +0 mace
rCold   + . .        d - orb {light}
rNeg    + . .        b - +0 robe
rPois   ∞            (no helmet)
rElec   +            (no cloak)
rCorr   .            (no gloves)
SInv    .            (no boots)
Will    .....        l - amulet of regeneration
Stlth   +            m - ring of protection from cold
HPRegen 1.04/turn    (no ring)
MPRegen 0.09/turn

%: no passive effects
@: glowing
A: sickness immunity, AC +3, negative energy resistance 1, electricity
resistance, torment resistance 1, petrification resistance
a: no special abilities


You were on level 3 of the Dungeon.
You visited 1 branch of the dungeon, and saw 3 of its levels.

You collected 145 gold pieces.

Inventory:

Hand Weapons
 a - a +0 mace (weapon)
Armour
 b - a +0 robe (worn)
 d - an orb of light (worn)
Jewellery
 l - an amulet of regeneration (around neck)
 m - a ring of protection from cold (left hand)
Wands
 n - a wand of charming (7)
Scrolls
 e - a scroll of enchant armour {unknown}
 j - a scroll of blinking {unknown}
 o - a scroll of revelation {unknown}
Potions
 c - a potion of ambrosia
 f - a potion of mutation {unknown}
 g - 2 potions of heal wounds {unknown}
 h - a potion of berserk rage {unknown}
 i - 2 potions of brilliance {unknown}
 k - a potion of magic {unknown}


   Skills:
 + Level 3.9 Fighting
 + Level 4.0 Maces & Flails
 + Level 3.0 Dodging


You had 3 spell levels left.
You didn't know any spells.
Your spell library contained the following spells:

 Spells                   Type           Power      Damage    Failure   Level
 Ozocubu's Armour         Ice            0%         N/A       75%         3
 Metabolic Englaciation   Hex/Ice        0%         N/A       100%        5
 Simulacrum               Ice/Necr       0%         N/A       100%        6


Dungeon Overview and Level Annotations

Branches:
Dungeon (3/15)

Altars:

Shops:
D:1 *:


Innate Abilities, Weirdness & Mutations

You are immune to sickness and miasma.
Your stone body is resilient. (AC +3)
You are immune to poison.
You resist negative energy. (rN+)
You are resistant to electric shocks. (rElec)
You are resistant to unholy torment.
You are immune to petrification.


Message History

An ogre and a hobgoblin come into view.
The ogre shouts!
The hobgoblin shouts!
The ogre moves out of view.
Found a glowing golden potion.
The hobgoblin hits you.
You barely miss the hobgoblin. The hobgoblin barely misses you.
You completely miss the hobgoblin. The hobgoblin barely misses you.
You hit the hobgoblin.
You kill the hobgoblin!
The ogre hits you with a +0 giant club!!
Ouch! That really hurt!
* * * LOW HITPOINT WARNING * * *
There is a stone staircase leading up here.
You see here a bat corpse.
You climb upwards.
There is a stone staircase leading down here.
You start waiting.
Done waiting.
Search for what [? for help]? .
There is a stone staircase leading down here.
You climb downwards.
The ogre closely misses you.
There is a stone staircase leading up here.
You see here a bat skeleton.
An ogre is nearby!
You hit the ogre.
The ogre is lightly wounded.
The ogre barely misses you.
You hit the ogre.
The ogre is moderately wounded.
The ogre barely misses you.
You hit the ogre.
The ogre is moderately wounded.
The ogre misses you.
You hit the ogre.
The ogre is heavily wounded.
You hit the ogre.
The ogre is heavily wounded.
The ogre hits you with a +0 giant club!!
Ouch! That really hurt!
You die...

#.. #.# #.#
############..
#.............
###...########..
#########.......## #..
......O..........#####..
#......@...÷............
#..#.#####......(.......
#....########.. #.#..#
#.# #.....# #......#
........# ###......#
##.....#


You could see an ogre.

Vanquished Creatures
  2 adders (D:2)
  2 worms
  A dart slug (D:1)
  4 endoplasms
  4 giant cockroaches (D:1)
  A goblin (D:2)
  7 hobgoblins
  A quokka (D:2)
  4 ball pythons
  5 bats
  3 frilled lizards
  5 kobolds
  4 rats (D:2)
43 creatures vanquished.

Notes
Turn   | Place    | Note
-------+----------+-------------------------------------------
     0 | D:1      | Pixllover the Gargoyle Monk began the quest for the Orb.
     0 | D:1      | Reached XP level 1. HP: 14/14 MP: 1/1
    45 | D:1      | Found Keseptu's General Store.
    67 | D:1      | Reached XP level 2. HP: 10/19 MP: 2/2
   261 | D:1      | Found Gumnelutiq's Vocational Training.
   624 | D:2      | Reached XP level 3. HP: 6/24 MP: 3/3
   940 | D:2      | Reached XP level 4. HP: 19/29 MP: 4/4
  1414 | D:2      | Found a faded altar of an unknown god.
  1618 | D:3      | Reached skill level 4 in Maces & Flails
  1661 | D:3      | Noticed an ogre
  1866 | D:3      | Mangled by an ogre

Illustrated notes

Levels and vault maps discovered:
D:1:      psy_arrival_basics, layout_rooms, serial_shops,
          nicolae_shop_advertising_works [nicolae_subvault_shop_adworks],
          nicolae_shop_vocational
D:2:      layout_basic, shapermc_ecumenical_altar_mp_urbaneastern
D:3:      layout_loops_ring, serial_shops, shop, shop, nicolae_shop_waterfront,
          shop, uniq_grinder, uniq_crazy_yiuf_cottage

Skill      XL: |  1  2  3  4 |
---------------+-------------+-----
Dodging        | 3 |  3.0
Maces & Flails | 4 |  4.0
Fighting       | |  3.9

Action                     |  1- 3 |  4- 6 || total
---------------------------+-------+-------++-------
  Melee: Mace              |    98 |    28 ||   126
 Armour: Robe              |    81 |    15 ||    96
  Dodge: Dodged            |    93 |    17 ||   110

Table legend: (Time is in decaauts)
 A = Elapsed time spent in this place.
 B = Non-inter-level travel time spent in this place.
 C = Inter-level travel time spent in this place.
 D = Time resting spent in this place.
 E = Time spent auto-exploring this place.
 F = Levels seen in this place.
 G = Mean time per level.
                   A        B        C        D        E       F      G
               +--------+--------+--------+--------+--------+-----+--------+
         Total |   1894 |   1808 |     86 |    214 |   1032 |   3 |  631.3 |
       Dungeon |   1894 |   1808 |     86 |    214 |   1032 |   3 |  631.3 |
               +--------+--------+--------+--------+--------+-----+--------+

Top non-repeatable levels by time:
     D:2: 1187 daAuts
     D:1: 613 daAuts
     D:3: 94 daAuts
